Match 47185641
Unlisted

Match 47185641
End
Pioneer Squad
Construct Infanterie Kompanie
MG 42 Machine Gun Team
Selects Terror Battlegroup
Selects Machine Gun Camouflage
MG 42 Machine Gun Team
MG 42 Machine Gun Team
Construct Panzergrenadier Kompanie
Panzergrenadier Squad
Medical Station
Panzergrenadier Squad
Selects Defend the Fatherland
Support Elements
Panzergrenadier Squad
StuG III G Assault Gun
Pak 40 Anti-tank Gun Team
StuG III G Assault Gun
Bob Tschigerillo
Genius Malignus
Esxile
Bego
0
0

Comments sign in to comment!

No comments posted yet!